Map: Cerulean Fall LE

Players

Odin - Winner!

  • Race: Zerg Zerg
  • League: Gold
  • Spawn Location: 7:00

keyser

  • Race: Terran Terran
  • League: Gold
  • Spawn Location: 1:00

VOD

Have the link to the VOD?

Description

Time

  • Played on: Dec. 11, 2018, 11:50 p.m.
  • Length: 3:27
Show
View Real Time Build Order
Export as new Build Order

Odin Zerg - Winner!

Build Orders: 1 Base Baneling Bust, Pool Only, Zergling Baneling 

Get SALT Encoding   

  12  0:20  Spawning Pool  
  11  0:24  Extractor  
  10  0:32  Drone x2  
  12  0:38  Drone  
  13  0:45  Drone  
  14  1:01  Overlord  
  14  1:14  Baneling Nest  
  13  1:24  Zergling x4  
  15  1:32  Zergling x2  
  16  1:40  Queen  
  16  1:44  Zergling x2  
  19  1:55  Zergling x2  
  19  2:01  Zergling x2  
  21  2:11  Overlord  
  21  2:23  Zergling x2  
  22  2:39  Baneling x7  
  22  2:40  Baneling  
  17  3:06  Zergling x6  
  17  3:07  Zergling x4  
Show
View Real Time Build Order
Export as new Build Order

keyser Terran 

Build Orders:  

Get SALT Encoding   

  12  0:02  SCV  
  13  0:17  Supply Depot  
  13  0:22  SCV  
  14  0:28  Supply Depot  
  14  0:35  SCV  
  15  0:48  Refinery  
  15  0:51  Barracks  
  15  0:59  SCV  
  16  1:11  SCV  
  17  1:23  SCV  
  18  1:35  SCV  
  18  1:38  Supply Depot  
  19  1:47  Refinery  
  19  1:49  Reaper  
  20  1:56  Orbital Command  
  20  2:10  Factory  
  20  2:26  Marine  
  21  2:30  SCV  
  22  2:44  Marine  
  21  3:13  Supply Depot  
Tags
 
Add a new tag
Caveats
  • Supply blocks, unpowered buildings, or Contaminate may cause inaccurate times.
  • Supply counts are checked every 10 seconds.